 Dungeon Crawl Stone Soup version 0.17-a0-1655-g88a8506 (webtiles) character file.

126364 abixa the Brawler (level 16, 0/112 HPs)
             Began as a Gargoyle Fighter on Aug 15, 2015.
             Was the Champion of Okawaru.
             Killed by divine providence
             ... invoked by Saint Roka
              (16 damage)
             ... on level 4 of the Orcish Mines.
             The game lasted 02:27:02 (37063 turns).

abixa the Brawler (Gargoyle Fighter)               Turns: 37063, Time: 02:27:02

Health: 0/112      AC: 45    Str: 27    XL:     16   Next: 98%
Magic:  7/7        EV: 20    Int: 17    God:    Okawaru [******]
Gold:   1117       SH: 11    Dex: 21    Spells: 0 memorised, 15 levels left

rFire  . . .     SeeInvis .       - Unarmed
rCold  + + .     Clarity  .     E - +2 plate armour of Trial and Error {Str+4 Int-2 Dex+9 Stlth+}
rNeg   + + .     SustAt   .     S - +3 buckler of Jewnum {Int+3 Dex+4 Stlth-}
rPois  ∞         Gourm    .     N - +2 hat {MR+}
rElec  +         Spirit   .     P - +1 ratskin cloak {rPois rN+ Int-1 Dex-1}
rCorr  .         Warding  .     F - +1 pair of gloves
rMut   .         Stasis   .     Z - +1 pair of boots {Fly}
MR     ++...                    n - amulet of Haasch {Faith rElec rC+ MP-9 Str+4}
Stlth  ..........               K - ring of protection from cold
                                f - +3 ring of protection

@: heroism, flying, very slightly contaminated, very resistant to hostile
enchantments, extremely unstealthy
A: big wings, negative energy resistance 1, electricity resistance, unbreathing,
petrification resistance, rot immunity, AC +11
a: Stop Flying, Heroism, Finesse, Renounce Religion


You were on level 4 of the Orcish Mines.
You worshipped Okawaru.
Okawaru was exalted by your worship.
You were hungry.

You visited 4 branches of the dungeon, and saw 28 of its levels.
You visited 1 bazaar.
You also visited: Labyrinth and Bailey.

You collected 3258 gold pieces.
You spent 2141 gold pieces at shops.

Inventory:

Hand weapons
 T - a +0 blowgun
Missiles
 a - 3 curare-tipped needles
 t - 139 poisoned needles
Armour
 E - the +2 plate armour of Trial and Error (worn) {Str+4 Int-2 Dex+9 Stlth+}
   (You found it in a labyrinth)

   It affects your strength (+4).
   It affects your intelligence (-2).
   It affects your dexterity (+9).
   It makes you more stealthy.
 F - a +1 pair of gloves (worn)
 N - a +2 hat of magic resistance (worn)
 P - the +1 ratskin cloak (worn) {rPois rN+ Int-1 Dex-1}
   (You found it in a labyrinth)

   It affects your intelligence (-1).
   It affects your dexterity (-1).
   It protects you from poison.
   It protects you from negative energy.
 S - the +3 buckler of Jewnum (worn) {Int+3 Dex+4 Stlth-}
   (Okawaru gifted it to you on level 15 of the Dungeon)

   It affects your intelligence (+3).
   It affects your dexterity (+4).
   It makes you less stealthy.
 Z - a +1 pair of boots of flying (worn)
Jewellery
 f - a +3 ring of protection (left hand)
 n - the amulet of Haasch (around neck) {Faith rElec rC+ MP-9 Str+4}
   (You found it in a labyrinth)

   [amulet of faith]

   It allows you to gain divine favour quickly.
   It affects your strength (+4).
   It protects you from cold.
   It insulates you from electricity.
   It affects your magic capacity (-9).
 K - a ring of protection from cold (right hand)
 Q - an uncursed ring of see invisible
Magical devices
 m - a wand of polymorph (13)
 q - a wand of disintegration (6)
Scrolls
 d - 8 scrolls of identify
 j - 10 scrolls of teleportation
 o - 4 scrolls of magic mapping
 p - 3 scrolls of fear
 u - 7 scrolls of fog
 x - 6 scrolls of remove curse
 W - 7 scrolls of blinking
Potions
 v - 7 potions of curing
 z - 3 potions of haste
 A - 2 potions of might
 B - 5 potions of ambrosia
 H - a potion of invisibility
 I - 7 potions of heal wounds
Comestibles
 h - 10 beef jerkies


   Skills:
 * Level 17.3(22.3) Fighting
 + Level 14.2(19.2) Armour
 - Level 11.0(16.0) Dodging
 - Level 8.0(13.0) Shields
 + Level 17.7(22.7) Unarmed Combat
 - Level 1.0 Invocations


You had 15 spell levels left.
You didn't know any spells.

Dungeon Overview and Level Annotations

Branches:
Dungeon (15/15)            Temple (1/1) D:5            Lair (8/8) D:11
  Swamp (0/4) Lair:5       Spider (0/4) Lair:6        Slime (0/6) Lair:7
    Orc (4/4) D:10            Elf (0/3) Orc:3        Vaults (0/5) D:14
 Depths (0/5) D:15

Altars:
Ashenzari
Cheibriados
Dithmenos
Elyvilon
Fedhas
Gozag
Kikubaaqudgha
Makhleb
Nemelex Xobeh
Okawaru
Qazlal
Ru
Sif Muna
Trog
Vehumet
Xom
Yredelemnul
Zin
The Shining One
Beogh
Jiyva

Shops:
D:5 =   D:7 *   Orc:4 (!![

Annotations:
D:3 !natasha 1 life left
Lair:4 Sonja
Orc:4 Saint Roka


Innate Abilities, Weirdness & Mutations

You are resistant to torment.
Your stone body is resilient (AC +11).
You are immune to poison.
Your large and strong wings let you fly indefinitely.
You resist negative energy.
You are resistant to electric shocks.
You can survive without breathing.
You are immune to petrification.
You are immune to rotting.


Message History

* * * LOW HITPOINT WARNING * * *
Drink which item? (? for menu, Esc to quit)
You fade into invisibility!
The orc warrior misses you. You block the orc's attack.
You are very lightly contaminated with residual magic.
Things that are here:
a dagger; a giant spiked club
Items here: )) [[ a hand axe; a leather armour; a giant club; a robe
Items here: ))))))) [
Items here: ))))) [ You see here an enchanted hand axe.
You flicker for a moment.
You see here a tomahawk.
You flicker back into view.
Things that are here:
a dagger; a robe Saint Roka invokes the aid of Beogh against you.
Something smites you!
You die...

#....##(###)##.## ##
.........#...### ##. ........##...#
#.. ........###o##### ####### #..
........#.....#.###..##.## ##..
#..#...#(....(..)#.....).### ##...
#########....(..#)#...#(#..####....
##.#.....).oo..#...#.....#.....
#......#.....@.....##..........
##....#.....#).....#.#........#
#.....##.......)...............
##..#...........................
#...#...........................
##.##...##...........)))........
#####.###........[)#.))...)....
######.#...#)[..##)..))....
##.##.#..........#.........


You could see Saint Roka, an orc warrior and an orc.

Vanquished Creatures
  Kirke (D:14)
  Maud (D:10)
  An orc warlord (Orc:2)
  Louise (D:13)
  Nessos (D:14)
  A minotaur (Lab)
  2 fire dragons
  Josephine (Lair:5)
  9 hydras
  Erica (D:9)
  A catoblepas (Lair:6)
  2 centaur warriors (D:15)
  The ghost of Zebulonius the Arsonist, a powerful DEFE of Sif Muna (D:13)
  5 ogre magi
  An orc high priest (Orc:4)
  10 death yaks
  Nergalle (D:10)
  A deep elf knight (D:14)
  3 skeletal warriors (D:12)
  10 hill giants
  4 unseen horrors
  A lindwurm (Lair:8)
  5 orc knights
  A wolf spider (D:15)
  A deep elf conjurer (D:15)
  An oklob plant (D:15)
  2 cyclopes
  9 ugly things
  An orc sorcerer (Orc:2)
  The ghost of 4thArraOfDagon the Ruffian, an experienced TrAK of Lugonu (D:9)
  4 centaur skeletons
  Maurice (D:11)
  7 black mambas
  7 elephants
  An efreet (D:14)
  2 torpor snails
  2 gargoyles (D:12)
  19 spiny frogs
  A spectral redback (D:15)
  8 yaktaurs
  A tengu conjurer (D:15)
  A redback zombie (D:15)
  2 kobold demonologists (D:15)
  9 komodo dragons
  A fire drake (Lair:7)
  4 trolls
  A spriggan druid (Lair:7)
  2 deep elf priests
  9 polar bears
  2 queen bees
  A hornet zombie (D:15)
  2 boulder beetles (Lair:5)
  A slime creature (D:15)
  A minotaur skeleton (Lab)
  26 blink frogs
  10 two-headed ogres
  2 redbacks (Lair:8)
  2 trapdoor spiders
  13 spriggans
  80 yaks
  7 deep elf magi
  A water elemental (D:13)
  6 wraiths
  6 basilisks
  5 vampire mosquitoes
  4 wyverns
  10 hippogriffs
  3 hungry ghosts
  32 wolves
  2 deep elf fighters (D:15)
  2 soldier ants
  Edmund (D:4)
  12 water moccasins
  5 wargs
  16 porcupines
  Duvessa (D:4)
  4 sky beasts
  13 black bears
  5 wasps
  8 spiders (Lair:6)
  8 ice beasts
  36 orc warriors
  A tengu (shapeshifter) (D:15)
  13 centaurs
  13 crocodiles
  A big kobold (D:15)
  34 ogres
  26 giant frogs
  7 scorpions
  A wyvern skeleton (D:12)
  Dowan (D:4)
  40 killer bees
  4 wights (D:13)
  5 centaur zombies
  4 electric eels
  7 crimson imps
  9 hounds
  3 jellies
  3 giant frog zombies
  A gnoll shaman (D:6)
  35 orc priests
  36 orc wizards
  14 worker ants
  13 iguanas
  Natasha (twice) (D:3)
  22 sheep
  2 hound zombies
  A hound skeleton (D:5)
  A worker ant zombie (D:7)
  8 adders
  10 gnolls
  31 river rats
  7 shadow imps
  A white imp (D:9)
  A worker ant simulacrum (D:9)
  2 ufetubi (D:9)
  4 oozes
  2 adder skeletons (D:5)
  An adder simulacrum (D:9)
  7 giant geckos
  206 orcs
  7 bats
  3 giant cockroaches
  10 goblins
  8 hobgoblins
  10 kobolds
  4 quokkas
  A ball python (D:4)
  2 giant gecko skeletons
  9 giant newts
  7 jackals
  A jackal skeleton (D:8)
  A jackal zombie (D:6)
  8 rats
  A bush (D:9)
  A fungus (Lair:7)
1141 creatures vanquished.

Vanquished Creatures (others)
  3 humans (D:14)
  A centaur (D:14)
  2 orcs
  A bush (D:9)
  22 fungi
  7 plants
36 creatures vanquished.

Grand Total: 1177 creatures vanquished

Notes
Turn   | Place    | Note
--------------------------------------------------------------
     0 | D:1      | abixa the Gargoyle Fighter began the quest for the Orb.
     0 | D:1      | Reached XP level 1. HP: 14/14 MP: 1/1
   289 | D:1      | Reached XP level 2. HP: 13/19 MP: 2/2
   690 | D:1      | Reached XP level 3. HP: 21/23 MP: 3/3
  1187 | D:2      | Reached skill level 4 in Unarmed Combat
  1269 | D:2      | Reached XP level 4. HP: 28/28 MP: 4/4
  1524 | D:3      | Found a radiant altar of Vehumet.
  1758 | D:3      | Noticed Natasha
  1795 | D:3      | Killed Natasha
  2534 | D:3      | Found an iron altar of Okawaru.
  2540 | D:3      | Became a worshipper of Warmaster Okawaru
  2682 | D:3      | Reached skill level 5 in Unarmed Combat
  2694 | D:3      | Reached XP level 5. HP: 32/32 MP: 5/5
  2852 | D:4      | Found an ancient bone altar of Kikubaaqudgha.
  3071 | D:4      | Reached skill level 6 in Unarmed Combat
  3071 | D:4      | Reached XP level 6. HP: 26/37 MP: 6/6
  3189 | D:4      | Found an opulent altar of Gozag.
  3202 | D:4      | Noticed Edmund
  3667 | D:3      | Noticed Natasha
  3675 | D:3      | Killed Natasha
  4006 | D:4      | Found a bloodstained altar of Trog.
  4157 | D:4      | Noticed Duvessa
  4158 | D:4      | Noticed Dowan
  4701 | D:5      | Entered Level 5 of the Dungeon
  4709 | D:5      | Acquired Okawaru's first power
  4709 | D:5      | Reached skill level 7 in Unarmed Combat
  4709 | D:5      | Reached XP level 7. HP: 28/42 MP: 7/7
  4872 | D:5      | Found an iron altar of Okawaru.
  4945 | D:5      | Found Tuvedejo's Jewellery Shoppe.
  4953 | D:5      | Found a staircase to the Ecumenical Temple.
  4960 | Temple   | Entered the Ecumenical Temple
  5413 | D:5      | Reached skill level 1 in Invocations
  6036 | D:5      | Reached XP level 8. HP: 41/48 MP: 8/8
  6291 | D:6      | Reached skill level 5 in Fighting
  6291 | D:6      | Reached skill level 5 in Armour
  6606 | D:6      | Found a shimmering altar of Xom.
  6629 | D:6      | Reached skill level 8 in Unarmed Combat
  7067 | D:4      | Killed Edmund
  7302 | D:4      | Found a bloodstained altar of Trog.
  7352 | D:4      | Killed Dowan
  7395 | D:4      | Killed Duvessa
  7395 | D:4      | Reached XP level 9. HP: 50/56 MP: 9/9
  8178 | D:7      | Found Zin's Purification Station.
  8187 | D:7      | Found a glowing silver altar of Zin.
  8311 | D:7      | Reached skill level 9 in Unarmed Combat
  9125 | D:8      | Reached skill level 5 in Shields
  9125 | D:8      | Reached XP level 10. HP: 33/64 MP: 10/10
 10272 | D:9      | Reached skill level 10 in Unarmed Combat
 10537 | D:9      | Noticed 4thArraOfDagon's ghost (experienced TrAK)
 10736 | D:9      | Identified a +1 rod of inaccuracy (12/12) (You found it on level 9 of the Dungeon)
 10999 | D:9      | Noticed Erica
 11035 | D:9      | Killed Erica
 11035 | D:9      | Acquired Okawaru's second power
 11035 | D:9      | Received a gift from Okawaru
 11352 | D:9      | Found a shadowy altar of Dithmenos.
 11667 | D:9      | Reached XP level 11. HP: 45/71 MP: 9/11
 11713 | D:10     | Entered Level 10 of the Dungeon
 11780 | D:10     | Noticed Nergalle
 12054 | D:10     | Killed Nergalle
 12110 | D:10     | Found a staircase to the Orcish Mines.
 12122 | D:10     | Noticed a hill giant
 12135 | D:10     | Killed a hill giant
 12387 | D:10     | Reached skill level 10 in Fighting
 12411 | D:10     | Reached skill level 10 in Armour
 12655 | D:10     | Reached skill level 11 in Unarmed Combat
 13060 | D:10     | Noticed Maud
 13673 | D:10     | Killed Maud
 13673 | D:10     | Reached skill level 12 in Unarmed Combat
 14071 | D:11     | Found a staircase to the Lair.
 14232 | D:11     | Found a flagged portal.
 14428 | Bailey   | Entered a bailey
 14640 | Bailey   | Noticed an orc knight
 14721 | Bailey   | Killed an orc knight
 14727 | Bailey   | Reached XP level 12. HP: 51/77 MP: 12/12
 14982 | Bailey   | Got a heavily runed ice dragon armour
 15011 | Bailey   | Identified the +2 ice dragon armour "Dikohiut" {rF- rC++ rN+ Int+5 Dex+4} (You found it in a bailey)
 15098 | D:11     | Noticed an unseen horror
 15139 | D:11     | Killed an unseen horror
 15139 | D:11     | Reached skill level 13 in Unarmed Combat
 15444 | D:11     | Noticed an unseen horror
 15480 | D:11     | Killed an unseen horror
 15571 | D:11     | Noticed a hill giant
 15580 | D:11     | Killed a hill giant
 15901 | D:11     | Noticed Maurice
 16095 | D:11     | Killed Maurice
 16095 | D:11     | Received a gift from Okawaru
 16294 | D:12     | Reached skill level 14 in Unarmed Combat
 16435 | D:12     | Found a labyrinth entrance.
 16505 | Lab      | Entered a labyrinth
 16839 | Lab      | Noticed a minotaur
 16849 | Lab      | Killed a minotaur
 16852 | Lab      | Got a warped ruby amulet
 16853 | Lab      | Got a bone scythe
 16853 | Lab      | Got an ichor-stained plate armour
 16892 | D:12     | Identified the amulet of Haasch {Faith rElec rC+ MP-9 Str+4} (You found it in a labyrinth)
 16913 | D:12     | Identified the +2 plate armour of Trial and Error {Str+4 Int-2 Dex+9 Stlth+} (You found it in a labyrinth)
 17071 | D:12     | Reached skill level 1 in Dodging
 17309 | D:12     | Reached skill level 5 in Dodging
 17350 | D:12     | Received a gift from Okawaru
 17565 | D:12     | Reached XP level 13. HP: 67/82 MP: 4/13
 17983 | Lair:1   | Entered Level 1 of the Lair of Beasts
 18250 | Lair:1   | Received a gift from Okawaru
 18402 | Lair:1   | Reached skill level 10 in Dodging
 20329 | Lair:3   | Reached skill level 15 in Unarmed Combat
 20689 | Lair:3   | Received a gift from Okawaru
 21296 | Lair:4   | Gained mutation: Your large and strong wings let you fly indefinitely. [Gargoyle growth]
 21296 | Lair:4   | Reached XP level 14. HP: 90/90 MP: 5/14
 21339 | Lair:4   | Received a gift from Okawaru
 21360 | Lair:4   | Noticed Sonja
 21619 | D:9      | Killed 4thArraOfDagon's ghost
 21678 | Orc:1    | Entered Level 1 of the Orcish Mines
 22229 | Orc:2    | Found a roughly hewn altar of Beogh.
 22678 | Orc:2    | Noticed an orc warlord
 22729 | Orc:2    | Killed an orc warlord
 22729 | Orc:2    | Received a gift from Okawaru
 22859 | Orc:2    | Found a bloodstained altar of Trog.
 23395 | Orc:4    | Entered Level 4 of the Orcish Mines
 23434 | Orc:3    | Found a staircase to the Elven Halls.
 25313 | Lair:5   | Reached skill level 16 in Unarmed Combat
 25405 | Lair:5   | Noticed Josephine
 25435 | Lair:5   | Killed Josephine
 25435 | Lair:5   | Received a gift from Okawaru
 25514 | Lair:5   | Found a staircase to the Swamp.
 25905 | Lair:5   | Received a gift from Okawaru
 26338 | Lair:6   | Received a gift from Okawaru
 26339 | Lair:6   | Found a hole to the Spider Nest.
 27485 | Lair:7   | Received a gift from Okawaru
 27550 | Lair:7   | Reached XP level 15. HP: 82/100 MP: 6/15
 27659 | Lair:7   | Found a viscous altar of Jiyva.
 27659 | Lair:7   | Found a staircase to the Slime Pits.
 28224 | Lair:8   | Entered Level 8 of the Lair of Beasts
 28278 | Lair:8   | Received a gift from Okawaru
 29311 | Lair:8   | Received a gift from Okawaru
 29462 | Lair:8   | Reached skill level 15 in Fighting
 31293 | Lair:4   | Reached skill level 17 in Unarmed Combat
 32106 | D:13     | Reached XP level 16. HP: 106/108 MP: 7/16
 32307 | D:13     | Received a gift from Okawaru
 32383 | D:13     | Noticed Zebulonius's ghost (powerful DEFE)
 32397 | D:13     | Killed Zebulonius's ghost
 32599 | D:14     | Noticed Kirke
 32636 | D:14     | Noticed Louise
 32658 | D:13     | Killed Louise
 32658 | D:13     | Received a gift from Okawaru
 32660 | D:13     | Got a pitted chain mail {god gift}
 32735 | D:14     | Found a flickering gateway to a bazaar.
 32759 | Bazaar   | Entered a bazaar
 32759 | Bazaar   | Found Talair's Antique Armour Shoppe.
 32759 | Bazaar   | Found Jetus's Food Emporium.
 32763 | Bazaar   | Found Bueng's Antique Armour Shoppe.
 32774 | Bazaar   | Found Kiyl's Jewellery Emporium.
 32810 | Bazaar   | Identified the +1 chain mail of the Eleven Gods {Str+5 Stlth+} (Okawaru gifted it to you on level 13 of the Dungeon)
 32810 | Bazaar   | Bought a runed crystal plate armour for 1520 gold pieces
 32810 | Bazaar   | Bought a jade-encrusted ring mail for 171 gold pieces
 32820 | Bazaar   | Bought an uncursed ring of sustain attributes for 210 gold pieces
 32820 | Bazaar   | Bought an uncursed amulet of resist corrosion for 240 gold pieces
 32840 | Bazaar   | Identified the +4 ring mail of Winter {-Cast +Inv rN+++} (You bought it in a shop in a bazaar)
 32952 | D:14     | Noticed Nessos
 32972 | D:14     | Killed Nessos
 33077 | D:14     | Found a gate to the Vaults.
 33259 | D:14     | Killed Kirke
 34157 | D:15     | Entered Level 15 of the Dungeon
 34493 | D:15     | Received a gift from Okawaru
 34494 | D:15     | Got a spiked buckler {god gift}
 34505 | D:15     | Identified the +3 buckler of Jewnum {Int+3 Dex+4 Stlth-} (Okawaru gifted it to you on level 15 of the Dungeon)
 35369 | D:15     | Found a burning altar of Makhleb.
 35557 | D:15     | Found a staircase to the Depths.
 36657 | Orc:4    | Found Gewn's Armour Boutique.
 36657 | Orc:4    | Found Heoludoi's Distillery.
 36657 | Orc:4    | Found Xonuafox's Distillery.
 36657 | Orc:4    | Found Heimuim's Antique Weapon Shop.
 36693 | Orc:4    | Noticed Saint Roka
 37063 | Orc:4    | Killed from afar by Saint Roka

Vault maps used:
D:1:      minmay_arrival_five_plusses, kennysheep_boxes
D:3:      nicolae_overflow_crystal_walls, vehumet_altar_wand_db, uniq_natasha
D:4:      kiku_gazebo_garden_becter, overflow_temple_1_default,
          kennysheep_little_box, abandoned_shop, trog_book, uniq_edmund,
          uniq_duvessa
D:5:      temple_statues, first_bread, basic_altar, serial_shops,
          nicolae_shop_trees
D:6:      lemuel_round_altar, minivault_26, minmay_misc_feat_enclosed,
          minmay_crystal_water, kennysheep_generic_room_4
D:7:      zin_purify, nrook_uturn
D:8:      david_nohive_1
D:9:      lemuel_round_altar, serial_ice, serial_ice_b, serial_ice_e,
          serial_ice_n, serial_ice_a, minmay_hedge_maze, uniq_erica
D:10:     david_orc_3, special_room, uniq_maud, uniq_nergalle
D:11:     lair_0_dummy, enter_bailey_3, uniq_maurice
D:12:     forest_paths, lab_entry_generic
D:13:     amethyst_killhole
D:14:     hangedman_vaults_entry_quadrant_bands, minivault_4, serial_shops,
          bzr_entry_safe, uniq_nessos, uniq_kirke, uniq_louise
D:15:     grunt_enter_depths_hoard, hangedman_weighted_door,
          serial_bayou_pond_d, lemuel_oklob_altar
Temple:   zaba_magenta_temple_12
Lair:2:   st_stairs_3, beast_lair_carwin_2
Lair:4:   beast_lair_carwin_7, uniq_sonja
Lair:5:   minmay_swamp_entry_swarm, uniq_josephine
Lair:6:   spider_nest_entry_a, minivault_24
Lair:7:   dpeg_slime_entry_enclosed_altar, beast_lair_carwin_11,
          serial_bayou_shore_a
Lair:8:   minmay_lair_end_enchanted_forest
Orc:1:    minmay_orc_keep
Orc:2:    basic_altar, david_defended_altar_orc
Orc:3:    nicolae_orc_pool_cavern
Orc:4:    st_orc_ogre_mass, uniq_saint_roka
Lab:      labyrinth_glass_2, lab_fountain, lab_block, nicolae_lab_diamond,
          labyrinth_glass_1, nicolae_lab_garden
Bazaar:   bazaar_minmay_row
Bailey:   bailey_polearm_1, bailey

Action                   |  1- 3 |  4- 6 |  7- 9 | 10-12 | 13-15 | 16-18 || total
-------------------------+-------+-------+-------+-------+-------+-------++-------
Melee: Unarmed           |   213 |   260 |   639 |  1384 |  2366 |   751 ||  5613
 Fire: Blowgun           |       |       |       |       |       |     4 ||     4
Throw: Tomahawk          |       |       |     7 |    11 |       |       ||    18
Invok: Heroism           |       |       |     1 |     4 |     1 |     3 ||     9
 Abil: Evoke Teleportati |       |       |       |     1 |       |       ||     1
Evoke: Wand              |       |     5 |     4 |    11 |       |     2 ||    22
       Rod               |       |       |       |     3 |     3 |       ||     6
  Use: Scroll            |       |       |     5 |    10 |     9 |     1 ||    25
       Potion            |       |       |       |       |       |     1 ||     1
 Stab: Distracted        |       |       |       |       |       |     1 ||     1
  Eat: Chunk             |     1 |    12 |    14 |    29 |    47 |    17 ||   120
       Fruit             |       |       |       |     1 |     2 |       ||     3
       Pizza             |       |       |       |     1 |       |       ||     1
